Map: Base du roi Sejong EC

Players

zidar

  • Race: Zerg Zerg
  • League: Platinum
  • Spawn Location: 11:00

Stinky - Winner!

  • Race: Terran Terran
  • League: Platinum
  • Spawn Location: 5:00

VOD

Have the link to the VOD?

Description

Time

  • Played on: Oct. 20, 2016, 2:59 p.m.
  • Length: 12:45
Show
View Real Time Build Order
Export as new Build Order

zidar Zerg 

Build Orders: Hatch First 

Get SALT Encoding   

  12  0:01  Drone  
  13  0:12  Overlord  
  13  0:18  Drone  
  14  0:30  Drone x2  
  16  0:52  Hatchery  
  16  0:54  Drone  
  16  0:57  Extractor  
  16  1:00  Drone  
  16  1:10  Drone x2  
  18  1:26  Spawning Pool  
  18  1:30  Drone  
  18  1:42  Drone  
  18  2:09  Overlord  
  18  2:13  Zergling x4  
  18  2:14  Zergling x2  
  21  2:17  Queen  
  21  2:18  Queen  
  25  2:23  Metabolic Boost  
  25  2:39  Drone x4  
  29  3:02  Drone x5  
  34  3:14  Roach Warren  
  33  3:20  Pneumatized Carapace  
  33  3:29  Drone x3  
  33  3:32  Overlord, Extractor  
  33  3:33  Overlord  
  35  3:35  Drone  
  35  4:01  Lair  
  35  4:04  Drone x3  
  35  4:05  Drone x3  
  41  4:17  Extractor  
  41  4:21  Queen, Extractor  
  41  4:24  Overlord  
  41  4:26  Drone x6  
  47  4:37  Evolution Chamber  
  46  4:48  Drone x8  
  54  5:01  Overseer  
  54  5:23  Roach x2  
  54  5:26  Overlord x3  
  58  5:32  Zerg Ground Armor Level 1  
  58  5:36  Glial Reconstitution  
  58  5:37  Evolution Chamber  
  57  5:51  Hatchery  
  57  5:54  Roach  
  57  5:55  Roach x11  
  57  5:56  Ravager  
  82  5:57  Ravager  
  82  6:38  Ravager  
  83  6:40  Overlord x3  
  83  6:43  Zerg Melee Weapons Level 1  
  83  7:02  Roach  
  83  7:03  Roach x6  
  83  7:04  Hatchery, Ravager  
  83  7:06  Ravager  
  83  7:07  Ravager x3  
  101  7:21  Queen  
  93  7:49  Zerg Ground Armor Level 2  
  92  8:03  Spire  
  90  8:11  Spawning Pool  
  89  8:49  Hatchery  
  88  8:57  Roach x10  
  108  9:16  Overlord  
  108  9:17  Overlord x2  
  108  9:22  Zerg Melee Weapons Level 2  
  106  9:33  Infestation Pit  
  79  9:55  Roach x6  
  79  9:58  Ravager x2  
  93  10:01  Ravager  
  93  10:05  Ravager  
  92  10:27  Spire  
  84  11:01  Zergling x18  
  63  11:15  Roach x2  
  63  11:16  Queen  
  69  11:22  Queen  
  63  11:41  Mutalisk x6  
  75  11:51  Drone  
  75  11:54  Ravager  
  77  12:10  Hatchery  
  77  12:12  Extractor  
  77  12:13  Drone x2  
  77  12:19  Drone  
Show
View Real Time Build Order
Export as new Build Order

Stinky Terran - Winner!

Build Orders: Reaper Expand 

Get SALT Encoding   

  12  0:01  SCV  
  13  0:13  SCV  
  14  0:17  Supply Depot  
  14  0:25  SCV  
  15  0:38  SCV  
  15  0:40  Barracks  
  16  0:45  Refinery  
  16  0:50  SCV  
  17  1:03  SCV  
  18  1:15  SCV  
  19  1:27  Reaper  
  19  1:32  Orbital Command  
  20  1:44  Command Center  
  20  1:59  SCV  
  21  2:04  Barracks Reactor  
  21  2:12  Barracks  
  21  2:15  SCV  
  22  2:22  Factory  
  22  2:29  SCV  
  23  2:32  Supply Depot  
  23  2:51  Refinery  
  23  2:53  Marine x2  
  23  2:54  SCV  
  25  2:59  Orbital Command  
  25  3:02  Bunker  
  26  3:06  Factory Reactor  
  26  3:07  Barracks Tech Lab  
  26  3:10  SCV  
  26  3:12  Marine  
  27  3:13  Marine  
  28  3:21  Starport  
  28  3:26  Marine  
  29  3:37  Marine x2  
  29  3:41  SCV, Stimpack  
  31  3:42  SCV  
  31  3:44  Marine  
  34  3:54  Refinery, SCV  
  35  4:02  Marauder, SCV  
  38  4:05  Medivac  
  40  4:11  SCV  
  40  4:14  SCV  
  42  4:17  Marine x2  
  42  4:19  Supply Depot  
  42  4:21  Factory Tech Lab  
  42  4:23  SCV  
  45  4:27  Marine, Engineering Bay  
  46  4:40  SCV x2, Medivac  
  46  4:42  Supply Depot  
  46  4:44  Marine x2  
  52  4:53  Refinery, SCV x2  
  52  4:57  Terran Infantry Weapons Level 1  
  54  5:01  Engineering Bay  
  54  5:04  Siege Tank  
  54  5:05  Supply Depot  
  57  5:09  Marine, Marauder  
  60  5:20  Marine  
  61  5:26  Medivac  
  61  5:28  Supply Depot  
  63  5:29  SCV  
  63  5:30  SCV  
  63  5:31  Marauder  
  67  5:36  Marine  
  67  5:38  Marine  
  67  5:42  Terran Infantry Armor Level 1  
  69  5:51  Command Center, Supply Depot  
  69  5:52  Marauder  
  71  5:57  Combat Shield  
  71  5:59  Marine  
  71  6:02  Marine  
  73  6:13  Marauder  
  75  6:26  SCV x2  
  75  6:31  Siege Tank  
  80  6:33  Supply Depot  
  80  6:34  Barracks x2  
  80  6:35  Barracks  
  80  6:40  Supply Depot  
  80  6:41  Supply Depot  
  80  6:45  SCV x2  
  82  6:57  Marauder, SCV x2  
  82  6:58  Marine x2  
  86  7:23  Marine x2, Marauder  
  86  7:24  Barracks Tech Lab x3  
  90  7:42  Marine x3  
  90  7:43  Marauder x2  
  97  7:45  Marauder  
  99  8:00  Marine x2  
  99  8:01  Marauder  
  99  8:04  Marauder x2  
  107  8:06  Marine  
  107  8:10  Medivac x2  
  112  8:18  Marine x2  
  112  8:22  Marauder  
  112  8:24  Marauder  
  112  8:25  Marine, Marauder  
  119  8:35  Marine  
  119  8:39  Marine  
  119  8:40  Medivac  
  123  8:44  Marauder x2  
  123  8:45  Marine  
  125  9:04  Supply Depot  
  125  9:05  Supply Depot  
  125  9:06  Armory  
  125  9:07  Orbital Command  
  125  9:12  Supply Depot  
  125  9:25  Marine  
  125  9:26  Marauder x3, SCV  
  125  9:27  Marine x2, SCV  
  136  9:34  Liberator x2  
  120  9:48  Marine x3, Marauder  
  120  9:49  Marauder x2, Siege Tank  
  129  10:05  Marine  
  129  10:06  Marauder  
  132  10:17  Marine x2  
  132  10:18  Marauder x2  
  138  10:21  Siege Tank  
  138  10:23  Marine  
  138  10:28  Marauder  
  144  10:35  Marine  
  144  10:36  Marauder  
  144  10:39  Marine  
  144  10:41  Marine  
  149  10:47  Supply Depot  
  149  10:51  Supply Depot  
  149  10:52  SCV x2, Supply Depot  
  149  10:53  Marine x2, Marauder  
  149  10:54  Supply Depot  
  148  11:04  Marauder  
  148  11:10  Marine  
  148  11:11  Marine, Marauder x2  
  133  11:16  Marine  
  137  11:26  Marauder  
  137  11:28  Marine  
  137  11:29  Marine  
  137  11:32  Marine  
  142  11:33  Marauder  
  142  11:35  Marauder  
  139  11:46  Marine x2  
  140  11:47  Marauder  
  140  11:48  SCV x2  
  140  11:49  SCV  
  140  11:51  Marauder  
  140  11:52  Refinery  
  140  11:53  Marine  
  149  11:54  Refinery  
  149  11:56  Marauder  
  149  12:00  SCV  
  152  12:04  Marine  
  152  12:07  Barracks  
  153  12:08  Marauder  
Tags
 
Add a new tag
Caveats
  • Supply blocks, unpowered buildings, or Contaminate may cause inaccurate times.
  • Supply counts are checked every 10 seconds.